Map: Blueshift LE

Players

Lambo - Winner!

  • Race: Zerg Zerg
  • League: Master
  • Spawn Location: 1:00

Rail

  • Race: Protoss Protoss
  • League: Grandmaster
  • Spawn Location: 7:00

VOD

Have the link to the VOD?

Description

Time

  • Played on: Nov. 28, 2018, 5:14 a.m.
  • Length: 12:26
Show
View Real Time Build Order
Export as new Build Order

Lambo Zerg - Winner!

Build Orders: Hatch First 

Get SALT Encoding   

  12  0:01  Drone  
  13  0:14  Overlord  
  13  0:18  Drone  
  14  0:33  Drone x2  
  16  0:47  Hatchery  
  15  0:52  Drone  
  15  0:56  Drone  
  17  1:01  Drone  
  18  1:10  Extractor  
  17  1:15  Spawning Pool  
  17  1:18  Drone  
  17  1:20  Drone  
  18  1:30  Drone  
  19  1:41  Drone  
  20  1:56  Overlord  
  20  2:01  Queen  
  20  2:02  Zergling x4, Queen  
  26  2:10  Metabolic Boost  
  26  2:11  Drone  
  26  2:12  Drone  
  28  2:21  Drone  
  29  2:23  Drone  
  30  2:36  Hatchery  
  29  2:37  Drone  
  29  2:43  Drone  
  32  2:44  Drone  
  32  2:47  Overlord  
  32  2:53  Queen  
  32  2:58  Drone  
  35  3:04  Drone  
  36  3:11  Drone x2  
  36  3:12  Drone x2  
  40  3:13  Overlord  
  40  3:16  Drone x2  
  40  3:17  Drone  
  43  3:20  Drone  
  43  3:24  Overlord  
  44  3:30  Spore Crawler  
  44  3:32  Queen  
  45  3:36  Drone x2  
  45  3:40  Drone, Spore Crawler  
  47  3:42  Drone  
  47  3:45  Evolution Chamber  
  47  3:46  Drone  
  48  3:50  Drone x2  
  48  3:54  Drone x2  
  52  4:00  Queen  
  54  4:08  Drone x2, Overlord  
  56  4:11  Zergling x6  
  56  4:14  Drone  
  56  4:16  Zerg Melee Weapons Level 1  
  60  4:17  Drone  
  60  4:18  Drone  
  60  4:22  Overlord  
  62  4:25  Lair  
  62  4:27  Drone  
  62  4:32  Drone x2  
  62  4:34  Drone  
  62  4:36  Overlord  
  65  4:41  Extractor  
  65  4:42  Drone x3  
  65  4:43  Extractor, Baneling Nest  
  65  4:50  Drone x4  
  65  4:51  Drone x2  
  71  4:54  Drone  
  71  4:58  Drone x2  
  74  5:03  Drone  
  75  5:10  Zergling x2  
  75  5:11  Zergling x2  
  75  5:12  Overlord  
  77  5:16  Extractor  
  77  5:17  Extractor  
  77  5:18  Drone x4  
  77  5:20  Overlord  
  79  5:25  Drone x2, Pneumatized Carapace  
  79  5:26  Hydralisk Den  
  79  5:27  Overseer  
  80  5:29  Overlord x2  
  80  5:30  Hatchery  
  78  5:42  Drone  
  79  5:45  Zergling x18  
  88  5:51  Evolution Chamber  
  87  5:59  Drone x4  
  87  6:01  Grooved Spines  
  87  6:03  Drone  
  88  6:04  Drone  
  88  6:10  Overlord  
  88  6:11  Drone x3  
  91  6:17  Extractor, Hydralisk x5  
  100  6:20  Drone x3  
  100  6:22  Zerg Missile Weapons Level 1  
  103  6:36  Hydralisk x3  
  103  6:39  Drone x3  
  110  6:41  Hydralisk x2  
  112  6:51  Drone x3, Queen  
  112  6:52  Drone x4  
  121  6:55  Zerg Melee Weapons Level 2  
  121  6:57  Infestation Pit  
  120  7:02  Drone  
  120  7:03  Drone x2  
  120  7:05  Spore Crawler  
  120  7:07  Drone x2  
  124  7:10  Overlord x2  
  124  7:12  Muscular Augments  
  124  7:15  Hydralisk x2  
  128  7:26  Spire  
  128  7:28  Drone  
  128  7:29  Extractor  
  128  7:30  Drone x3  
  128  7:32  Hydralisk x7  
  144  7:49  Hive  
  144  7:51  Zergling x2  
  144  7:52  Hatchery  
  144  7:54  Overlord  
  144  7:55  Overlord  
  144  7:56  Overlord  
  143  8:05  Overlord  
  143  8:08  Zergling x2  
  144  8:17  Zergling x4  
  144  8:18  Overlord, Zergling x4  
  144  8:19  Overlord  
  147  8:20  Zergling x4  
  147  8:21  Overlord, Zergling x4  
  147  8:22  Overlord  
  147  8:25  Overlord  
  151  8:28  Hydralisk x8, Zerg Missile Weapons Level 2  
  151  8:30  Zergling x2  
  168  8:37  Spine Crawler  
  168  8:38  Drone  
  168  8:39  Drone x2  
  168  8:40  Spine Crawler  
  169  8:41  Spine Crawler, Hydralisk  
  169  8:42  Zergling x18  
  179  8:56  Corruptor x2  
  179  8:57  Corruptor x2  
  185  9:03  Baneling x4  
  185  9:05  Baneling x4  
  185  9:08  Zergling x14  
  185  9:09  Zergling x8  
  194  9:11  Greater Spire, Adrenal Glands  
  194  9:15  Spine Crawler  
  193  9:18  Baneling  
  193  9:19  Baneling x3  
  193  9:26  Zergling x14  
  193  9:28  Baneling x10  
  200  9:35  Centrifical Hooks  
  198  9:56  Extractor  
  198  9:57  Zergling x6  
  198  9:59  Baneling  
  200  10:00  Baneling x9  
  200  10:04  Zergling x6  
  200  10:06  Baneling x5  
  199  10:17  Baneling x6  
  199  10:24  Zergling x6  
  200  10:33  Zergling x14  
  195  10:40  Overlord  
  195  10:42  Zergling x8  
  195  10:43  Zergling x4  
  195  10:45  Baneling x5  
  186  10:57  Zergling x6  
  186  11:03  Hydralisk  
  186  11:04  Zergling x8, Hydralisk x4  
  179  11:05  Zergling x2  
  179  11:10  Zergling x12  
  183  11:14  Overlord  
  183  11:17  Overlord, Baneling x17  
  183  11:22  Overlord  
  183  11:24  Overlord  
  182  11:37  Brood Lord x4  
  182  11:38  Zergling x18  
  182  11:39  Extractor  
  198  11:41  Baneling x6  
  198  11:44  Zergling x2  
  198  11:45  Extractor  
  198  11:50  Hydralisk Den  
  195  11:57  Zergling x14  
  195  11:58  Zergling x12  
  181  12:02  Zergling x4  
Show
View Real Time Build Order
Export as new Build Order

Rail Protoss 

Build Orders: 1 Gate Expand, Oracle Opening, Phoenix Opening, Archon Immortal 

Get SALT Encoding   

  12  0:01  Probe  
  13  0:13  Probe  
  14  0:18  Pylon  
  14  0:24  Probe  
  15  0:32  Probe  
  15  0:38  Gateway  
  15  0:40  Probe  
  16  0:48  Assimilator  
  17  0:51  Probe  
  18  1:03  Probe  
  19  1:21  Nexus  
  19  1:31  Cybernetics Core  
  19  1:34  Probe  
  19  1:39  Assimilator  
  20  1:46  Probe  
  21  1:49  Pylon  
  21  1:55  Probe  
  21  1:58  Adept  
  22  2:03  Probe  
  25  2:12  Probe  
  26  2:20  Stargate  
  26  2:24  Probe  
  26  2:27  Adept  
  29  2:32  Probe  
  29  2:36  Probe  
  31  2:37  Warp Gate  
  31  2:40  Probe  
  31  2:48  Probe x2  
  33  2:54  Oracle  
  34  3:00  Probe x2  
  39  3:12  Probe  
  40  3:14  Gateway, Pylon  
  40  3:17  Probe  
  41  3:20  Adept  
  41  3:24  Probe  
  41  3:25  Shield Battery  
  44  3:29  Probe  
  44  3:33  Phoenix, Probe  
  47  3:40  Assimilator  
  47  3:41  Probe x2  
  50  3:52  Pylon  
  50  3:53  Probe  
  50  3:54  Probe  
  52  4:05  Nexus  
  52  4:08  Probe, Assimilator  
  54  4:10  Probe  
  54  4:17  Shield Battery  
  54  4:20  Probe  
  54  4:22  Robotics Facility  
  55  4:26  Probe  
  55  4:30  Robotics Facility  
  56  4:34  Pylon  
  56  4:36  Probe  
  57  4:39  Probe  
  57  4:40  Sentry x2  
  62  4:46  Pylon  
  63  4:52  Probe  
  63  4:53  Probe  
  63  4:55  Twilight Council  
  64  5:00  Immortal  
  64  5:05  Probe x2, Immortal  
  70  5:14  Oracle  
  70  5:17  Probe  
  70  5:20  Probe  
  79  5:28  Warp Prism  
  79  5:31  Probe x2  
  79  5:33  Pylon  
  81  5:36  Pylon, Immortal  
  83  5:43  Probe  
  83  5:44  Probe  
  83  5:46  Probe  
  90  5:54  Pylon  
  90  5:55  Probe  
  90  5:56  Probe  
  92  5:58  Probe  
  93  6:07  Probe  
  93  6:08  Probe  
  93  6:09  Immortal, Assimilator  
  93  6:10  Probe  
  96  6:13  Charge, Assimilator  
  96  6:15  Robotics Bay  
  96  6:19  Probe  
  96  6:20  Probe, Observer  
  96  6:22  Probe  
  100  6:31  Probe  
  100  6:32  Probe  
  102  6:37  Immortal  
  103  6:43  Probe  
  103  6:45  Colossus  
  107  6:49  Gateway  
  107  6:52  Gateway  
  108  6:54  Pylon  
  108  6:59  Gateway  
  108  7:00  Gateway x2, Zealot x2  
  112  7:03  Pylon  
  112  7:05  Pylon  
  114  7:12  Extended Thermal Lance  
  114  7:15  Colossus  
  114  7:16  Pylon  
  114  7:19  Pylon  
  114  7:21  Pylon  
  114  7:26  Gateway  
  120  7:30  Zealot x2  
  120  7:31  Shield Battery  
  120  7:32  Phoenix  
  126  7:38  Immortal  
  130  7:47  Forge  
  130  7:48  Forge  
  130  7:51  Protoss Ground Weapons Level 1, Protoss Ground Armor Level 1  
  126  7:57  Blink  
  126  8:07  Templar Archives  
  126  8:09  Immortal  
  126  8:11  Pylon  
  130  8:19  Gateway, Immortal  
  134  8:20  Gateway  
  134  8:28  Pylon  
  134  8:29  Pylon  
  134  8:33  Photon Cannon  
  134  8:37  Zealot x4  
  142  8:42  Pylon, Zealot x2  
  142  8:43  Zealot  
  142  8:46  Zealot  
  150  8:50  Immortal  
  154  9:06  High Templar x3  
  154  9:07  Immortal, High Templar  
  166  9:10  Archon  
  166  9:11  High Templar, Archon  
  166  9:12  High Templar, Zealot  
  166  9:16  Zealot x3, Archon  
  178  9:24  Protoss Ground Weapons Level 2  
  178  9:29  Immortal  
  182  9:31  Protoss Shields Level 1  
  182  9:38  Pylon  
  182  9:40  Stalker  
  182  9:41  Stalker x2  
  185  9:58  Immortal  
  187  10:11  Stalker x2  
  187  10:12  Nexus  
  191  10:14  Stalker x3  
  191  10:15  Stalker  
  187  10:35  Pylon  
  187  10:37  Stalker x3  
  187  10:38  Stalker  
  187  10:40  Stalker x2  
  187  10:41  Stalker  
  187  10:42  Warp Prism  
  197  10:44  Observer  
  188  10:59  Stalker  
  188  11:00  Stalker x3  
  190  11:10  Stalker x3, Sentry  
  173  11:17  Stalker x2  
  177  11:21  Immortal  
  181  11:26  Photon Cannon  
  181  11:27  Shield Battery  
  181  11:36  Stalker x2  
  181  11:37  Stalker x4  
  193  11:45  Stalker x2  
  197  11:47  Stalker  
  171  12:04  Stalker, Zealot x3  
  171  12:05  Stalker, Zealot  
Tags
 
Add a new tag
Caveats
  • Supply blocks, unpowered buildings, or Contaminate may cause inaccurate times.
  • Supply counts are checked every 10 seconds.